 Dungeon Crawl Stone Soup version 0.29.0-4-gdea44cf6ec (webtiles) character file.

Game seed: 14032575610963715041

30 qw the Ruffian (level 3, -3/28 HPs)
             Began as a Ghoul Fire Elementalist on Aug 29, 2022.
             Slain by a worm (10 damage)
             ... on level 2 of the Dungeon.
             The game lasted 00:01:06 (1559 turns).

qw the Ruffian (Ghoul Fire Elementalist)            Turns: 1559, Time: 00:01:07

Health: -3/28      AC:  2    Str: 11 (13) XL:     3   Next: 20%
Magic:  4/4        EV: 11    Int:  9 (10) God:
Gold:   92         SH:  0    Dex:  8 (9)  Spells: 4/5 levels left

rFire   . . .      SeeInvis .     - Unarmed
rCold   + . .      Faith    .   (no shield)
rNeg    + + +      Spirit   .   a - +0 robe
rPois   inf        Reflect  .   (no helmet)
rElec   .          Harm     .   (no cloak)
rCorr   .          Rampage  .   (no gloves)
Will    .....                   (no boots)
Stlth   ++........              (no amulet)
HPRegen 0.00/turn               (no ring)
MPRegen 0.09/turn               (no ring)

@: inhibited regen
A: claws 1, cold resistance 1, negative energy resistance 3, inhibited
regeneration, torment resistance 2, devour on kill
a: no special abilities


You were on level 2 of the Dungeon.
You visited 1 branch of the dungeon, and saw 2 of its levels.

You collected 92 gold pieces.


Innate Abilities, Weirdness & Mutations

You are immune to poison.
You have sharp fingernails.
Your flesh is cold resistant. (rC+)
You are immune to negative energy. (rN+++)
You do not regenerate when monsters are visible.
You are immune to unholy pain and torment.
You thrive by killing the living.


   Skills:
 - Level 1.2 Fighting
 - Level 1.7 Dodging
 - Level 2.1 Stealth
 + Level 2.6 Unarmed Combat
 - Level 1.7 Spellcasting
 - Level 0.7 Conjurations
 - Level 2.4 Fire Magic


You had 4 spell levels left.
You knew the following spells:

 Your Spells              Type           Power      Damage    Failure   Level
a - Foxfire               Conj/Fire      12%        2x1d4     19%         1

Your spell library contained the following spells:

 Spells                   Type           Power      Damage    Failure   Level
 Scorch                   Fire           10%        2d5       19%         2
 Conjure Flame            Conj/Fire      3%         6-21      47%         3
 Inner Flame              Hex/Fire       2%         N/A       54%         3
 Flame Wave               Conj/Fire      3%         2d5       87%         4

Inventory:

Armour
 a - a +0 robe (worn)
Scrolls
 b - a scroll of brand weapon {unknown}
 c - a scroll of magic mapping {unknown}
Potions
 d - a potion of might {unknown}
 e - a potion of curing {unknown}
 h - a potion of heal wounds {unknown}
 i - a potion of lignification {unknown}

Dungeon Overview and Level Annotations

Branches:
Dungeon (2/15)

Altars:


Message History

The goblin hits you with a +0 dagger.
You scratch the goblin.
You kill the goblin!
You feel better.
You feel your intelligence returning.
You start resting.
HP restored.
b - a scroll labelled CUKIUF UFU YRA
c - a scroll labelled MERROUCZ WUDOPT
Found 5 stones.
Enter note: A frilled lizard comes into view.
The frilled lizard hisses angrily.
The frilled lizard misses you.
You miss the frilled lizard. The frilled lizard bites you.
You closely miss the frilled lizard. The frilled lizard closely misses you.
You claw the frilled lizard!
You kill the frilled lizard!
You feel better.
You claw the worm!
The worm is heavily wounded.
You scratch the worm.
The worm is severely wounded.
The worm bites you!
You completely miss the worm.
The worm is severely wounded.
You barely miss the worm.
The worm is severely wounded.
The worm barely misses you.
You scratch the worm.
The worm is almost dead.
The worm bites you!
You barely miss the worm.
The worm is severely wounded.
You barely miss the worm.
The worm is severely wounded.
The worm bites you!
You die...

###........##
...........#
#..........#
....?}.....
#..........
#.
#..........
w.
#.w(.....###
..
#.@....###.#
..
##...###...##
.)
#.###......#
.}
#.#........##
..
#...........#
..
##..........#
..
#.....}.....
..
##..........
..
#..^....... #


You could see a worm.

Vanquished Creatures
  An adder (D:2)
  3 ball pythons
  2 endoplasms (D:1)
  3 hobgoblins
  3 bats
  4 frilled lizards
  2 goblins
  3 kobolds
21 creatures vanquished.

Notes
Turn   | Place    | Note
-------+----------+-------------------------------------------
     0 | D:1      | qw the Ghoul Fire Elementalist began the quest for the Orb.
     0 | D:1      | Reached XP level 1. HP: 14/14 MP: 2/2
     0 | D:1      | 0 ||| qw: Version: 0.1-a-90-g952f4b7
     0 | D:1      | 0 ||| qw: Game counter: 4055
     0 | D:1      | 0 ||| qw: Always use a shield: true
     0 | D:1      | 0 ||| qw: God list: Okawaru
     0 | D:1      | 0 ||| qw: Allow faded altars: false
     0 | D:1      | 0 ||| qw: Do Orc after D:15 true
     0 | D:1      | 0 ||| qw: Do second Lair branch before Depths: true
     0 | D:1      | 0 ||| qw: Lair rune preference: random
     0 | D:1      | 0 ||| qw: Plans: Normal
     0 | D:1      | 0 ||| PLANNING D:1-11
   359 | D:1      | Reached skill level 1 in Unarmed Combat
   615 | D:1      | Reached skill level 1 in Fighting
   615 | D:1      | Reached XP level 2. HP: 23/23 MP: 3/3
   830 | D:1      | 830 ||| READING scroll labelled SITI XIH RESM.
   831 | D:1      | 831 ||| READING scroll labelled KAECOI WAOV.
   832 | D:1      | 832 ||| DRINKING 2 sapphire potions.
   833 | D:1      | 833 ||| DROPPING potion of magic.
   834 | D:1      | 834 ||| DROPPING potion of degeneration.
   858 | D:2      | 858 ||| STAIRDANCE
   952 | D:2      | 952 ||| STAIRDANCE
   954 | D:1      | 954 ||| Stepping ~*~*~tactically~*~*~ (outnumbered).
   964 | D:2      | 964 ||| STAIRDANCE
  1146 | D:2      | Reached XP level 3. HP: 15/28 MP: 4/4
  1156 | D:2      | 1156 ||| FLEEEEING.
  1557 | D:2      | HP: 7/28 [worm (10)]
  1559 | D:2      | Slain by a worm

Levels and vault maps discovered:
D:1:      ncdulo_smallfort, layout_loops_ring, kennysheep_flooded_box,
          serial_bayou_ford_a
D:2:      minmay_skewed_foursquare, layout_loops_corners,
          ebering_ecumenical_altar_mist, uniq_crazy_yiuf_cottage

Skill      XL: |  1  2 |
---------------+-------+-----
Unarmed Combat | 1 2 |  2.6
Fighting       | 1 |  1.2
Dodging        | |  1.7
Stealth        | |  2.1
Spellcasting   | |  1.7
Conjurations   | |  0.7
Fire Magic     | |  2.4

Action                   || total
-------------------------++-------
Melee: Unarmed           ||    82
       Punch             ||     1
  Use: Scroll            ||     2
       Potion            ||     1
Armor: Robe              ||    12
Dodge: Dodged            ||    46

Table legend:
 A = Non-vault XP
 B = Vault XP
 C = Vault XP percentage of total XP
 D = Non-vault monster count
 E = Vault monster count
 F = Vault count percentage of total count
                 A         B        C        D         E       F
            +---------+---------+-------+---------+---------+-------
      Total |      43 |       1 |   2.3 |      20 |       1 |   4.8
            +---------+---------+-------+---------+---------+-------
        D:1 |      18 |       0 |   0.0 |      12 |       0 |   0.0
        D:2 |      25 |       1 |   3.8 |       8 |       1 |  11.1
            +---------+---------+-------+---------+---------+-------
